 Dungeon Crawl Stone Soup version 0.18-a0-988-gb7d270e (webtiles) character file.

259 Havendes the Skirmisher (level 5, -4/47 HPs)
             Began as a Draconian Berserker on Jan 3, 2016.
             Was a Believer of Trog.
             Slain by an orc wizard
             ... wielding a +2 dagger of electrocution
              (19 damage)
             ... on level 4 of the Dungeon.
             The game lasted 00:23:30 (2677 turns).

Havendes the Skirmisher (Draconian Berserker)       Turns: 2677, Time: 00:23:30

Health: -4/47      AC: 11    Str: 16      XL:     5   Next: 95%
Magic:  5/5        EV: 14    Int:  6 (7)  God:    Trog [**....]
Gold:   183        SH:  0    Dex: 17      Spells: 0 memorised, 4 levels left

rFire  + . .     SeeInvis .     l - +0 flail (protect)
rCold  . . .     Gourm    .     (armour unavailable)
rNeg   . . .     Faith    .     (no shield)
rPois  .         Spirit   .     (helmet restricted)
rElec  .         Dismiss  .     s - +0 cloak
rCorr  .         Reflect  .     (no gloves)
SustAt .         Harm     .     (no boots)
MR     ++...                    (no amulet)
Stlth  ++........               m - ring of protection from fire
                                e - +6 ring of dexterity

@: exhausted, regenerating, slowed, very slow, very resistant to hostile
enchantments, unstealthy
A: unfitting armour, deterioration 1, weak 2, cold-blooded, AC +5
a: Berserk, Trog's Hand, Burn Spellbooks, Renounce Religion


You were on level 4 of the Dungeon.
You worshipped Trog.
Trog was pleased with you.
You were near starving.

You visited 1 branch of the dungeon, and saw 4 of its levels.

You collected 183 gold pieces.

Inventory:

Hand Weapons
 a - a +0 mace
 l - a +0 flail of protection (weapon)
Missiles
 j - a silver tomahawk (quivered)
 p - 7 tomahawks of returning
Armour
 s - a +0 cloak (worn)
Jewellery
 e - a +6 ring of dexterity (left hand)
 m - a ring of protection from fire (right hand)
Scrolls
 f - 2 scrolls of identify
 i - 4 scrolls of teleportation
 o - 3 scrolls of remove curse
 r - a scroll of immolation {unknown}
Potions
 g - a potion of flight
 h - a potion of might
 n - a potion of cure mutation {unknown}
 q - a potion of curing
Comestibles
 b - 6 bread rations
 c - 3 meat rations
 d - 2 chunks of flesh
 k - a slice of pizza


   Skills:
 + Level 4.6 Fighting
 + Level 4.4 Maces & Flails
 + Level 4.1 Dodging
 + Level 1.4 Stealth


You had 4 spell levels left.
You didn't know any spells.

Dungeon Overview and Level Annotations

Branches:
Dungeon (4/15)
 Temple: D:4-7

Altars:
Makhleb
Pakellas
Sif Muna
Vehumet
Yredelemnul


Innate Abilities, Weirdness & Mutations

Your plain brown scales are hard (AC +5).
Your body does not fit into most forms of armour.
You are cold-blooded and may be slowed by cold attacks.
Your body sometimes deteriorates upon taking damage.
You are very weak. (Str -4)


Message History

The orc wizard mumbles some strange words.
The orc wizard flickers and vanishes!
Deactivating autopickup; reactivate with Ctrl-A.
The orc wizard misses you. The orc priest misses you.
You hit the orc wizard.
The orc wizard is moderately wounded.
Something completely misses you. The orc wizard closely misses you.
The orc priest calls down the wrath of Beogh upon you.
Something smites you!
* * * LOW HITPOINT WARNING * * *
Something hits you but does no damage. The orc wizard barely misses you.
The orc priest calls upon Beogh to heal the orc wizard.
The orc wizard's wounds heal themselves!
The orc wizard gestures at you while chanting.
The magic dart hits you!
* * * LOW HITPOINT WARNING * * *
You hit the orc priest but do no damage.
The orc priest misses you. Something hits you but does no damage.
You are electrocuted!
You die...

........# #....
#.........# # . ....
#.........# . ...#...
#.........# .# #...#...
#.........# .# ......#.
#.........##.# ........
#............# ......##.#
#.......o@{(.###...##.....
#......)##................
#.........................
#........#o..##.........#.
##...............# ##.#...
##.........###..####..#...
#.......##..##..##......>.
#....)..###......#........
#.......# #........###...


You could see an orc priest and an orc wizard.

Vanquished Creatures
  An orc priest (D:3)
  An iguana (D:4)
  Natasha (twice) (D:3)
  2 orc wizards (D:4)
  5 adders
  A worm (D:3)
  A giant gecko (D:2)
  8 orcs
  A ball python (D:3)
  3 giant cockroaches
  5 goblins
  7 hobgoblins
  3 jackals (D:1)
  7 kobolds
  3 quokkas
  5 bats
  3 giant newts
  7 rats
65 creatures vanquished.

Vanquished Creatures (others)
  An orc (D:3)
1 creature vanquished.

Grand Total: 66 creatures vanquished

Notes
Turn   | Place    | Note
--------------------------------------------------------------
     0 | D:1      | Havendes the Draconian Berserker began the quest for the Orb.
     0 | D:1      | Reached XP level 1. HP: 19/19 MP: 1/1
   255 | D:1      | Reached XP level 2. HP: 8/26 MP: 2/2
   630 | D:2      | Reached XP level 3. HP: 25/33 MP: 3/3
  1038 | D:2      | Reached skill level 4 in Fighting
  1574 | D:3      | Reached XP level 4. HP: 33/40 MP: 4/4
  1798 | D:3      | Noticed Natasha
  1804 | D:3      | Killed Natasha
  1804 | D:3      | Reached ** piety under Trog
  2143 | D:3      | Noticed Natasha
  2156 | D:3      | Killed Natasha
  2156 | D:3      | Reached XP level 5. HP: 47/47 MP: 5/5
  2370 | D:3      | Reached skill level 1 in Stealth
  2380 | D:3      | Gained mutation: You are weak. (Str -2) [potion of mutation]
  2380 | D:3      | Gained mutation: Your body sometimes deteriorates upon taking damage. [potion of mutation]
  2380 | D:3      | Gained mutation: You are very weak. (Str -4) [potion of mutation]
  2382 | D:3      | Found a burning altar of Makhleb.
  2382 | D:3      | Found a basalt altar of Yredelemnul.
  2425 | D:3      | Found a deep blue altar of Sif Muna.
  2425 | D:3      | Found an oddly glowing altar of Pakellas.
  2520 | D:4      | Found a radiant altar of Vehumet.
  2677 | D:4      | Slain by an orc wizard

Vault maps used:
D:1:      saegor_arrival_simple_c
D:3:      grunt_temple_overflow_open, first_bread, serial_bayou_pond_d,
          uniq_natasha
D:4:      vehumet_crystals, led_sif_pool

Action                   |  1- 3 |  4- 6 || total
-------------------------+-------+-------++-------
Melee: Mace              |    74 |   101 ||   175
       Flail             |       |    10 ||    10
Invok: Berserk           |     2 |     3 ||     5
       Trog's Hand       |       |     1 ||     1
  Use: Scroll            |     7 |       ||     7
       Potion            |     3 |     3 ||     6
 Stab: Sleeping          |       |     1 ||     1
  Eat: Bread ration      |     1 |       ||     1
       Chunk             |       |     5 ||     5
